 Dungeon Crawl Stone Soup version 0.26-a0-812-g31a745ddcd (webtiles) character file.

Game seed: 10308992157489357713

2611 kae the Insei (level 9, -3/52 HPs)
             Began as a Tengu Transmuter on Nov 20, 2020.
             Was a Follower of Wu Jian.
             Slain by a centaur (6 damage)
             ... on level 8 of the Dungeon.
             The game lasted 00:06:32 (10077 turns).

kae the Insei (Tengu Transmuter)                   Turns: 10077, Time: 00:06:33

Health: -3/52      AC:  6    Str: 13    XL:     9   Next: 60%
Magic:  16/16      EV: 16    Int: 13    God:    Wu Jian [*.....]
Gold:   263        SH:  0    Dex: 16    Spells: 12/16 levels left

rFire    + . .     SeeInvis .     - Unarmed
rCold    x . .     Faith    .   (no shield)
rNeg     . . .     Spirit   .   h - +0 ring mail
rPois    +         Reflect  .   (helmet restricted)
rElec    .         Harm     .   (no cloak)
rCorr    .         Rampage  .   (no gloves)
MR       .....                  (boots unavailable)
Stlth    +.........             t - amulet of the acrobat
HPRegen  0.17/turn              o - ring of fire
MPRegen  0.15/turn              (no ring)

@: flying quickly and evasively, quick
A: beak, horns 1, talons 3, poison resistance, able to fly
a: Stop Flying, Renounce Religion


You were on level 8 of the Dungeon.
You worshipped Wu Jian.
Wu Jian was aware of your devotion.
You visited 2 branches of the dungeon, and saw 10 of its levels.

You collected 364 gold pieces.
You spent 101 gold pieces at shops.

Inventory:

Armour
 a - a +0 robe
 h - a +0 ring mail (worn)
Jewellery
 m - an uncursed amulet of inaccuracy
 o - a ring of fire (left hand)
 t - an amulet of the acrobat (around neck)
 A - a +6 ring of strength
 B - a cursed -4 ring of dexterity {unknown}
 D - a +6 ring of intelligence {unknown}
 F - an uncursed ring of ice {unknown}
Wands
 q - a wand of polymorph (4)
 x - a wand of random effects (20)
Scrolls
 b - 8 scrolls of remove curse
 c - 6 scrolls of blinking {unknown}
 d - 10 scrolls of teleportation {unknown}
 f - a scroll of amnesia {unknown}
 i - 11 scrolls of identify {unknown}
 l - a scroll of random uselessness {unknown}
 p - a scroll of enchant weapon {unknown}
 v - 2 scrolls of enchant armour {unknown}
 y - 2 scrolls of magic mapping {unknown}
 E - a scroll of fear {unknown}
Potions
 e - 2 potions of invisibility
 g - 5 potions of attraction {unknown}
 j - 2 potions of mutation
 k - a potion of resistance {unknown}
 n - 3 potions of curing {unknown}
 r - 2 potions of ambrosia
 s - 2 potions of haste {unknown}
 u - a potion of berserk rage {unknown}
 w - 2 potions of lignification
 z - 2 potions of brilliance
 C - a potion of magic {unknown}


   Skills:
 + Level 4.3 Fighting
 + Level 4.6 Armour
 + Level 5.3 Dodging
 * Level 7.9 Unarmed Combat
 + Level 4.4 Spellcasting
 * Level 5.5 Transmutations


You had 12 spell levels left.
You knew the following spells:

 Your Spells              Type           Power        Failure   Level
a - Beastly Appendage     Tmut           ###...       4%          1
b - Spider Form           Tmut/Pois      ##........   36%         3

Your spell library contained the following spells:

 Spells                   Type           Power        Failure   Level
 Wereblood                Tmut           ###.....     6%          2
 Blade Hands              Tmut           ###.......   73%         5
 Ice Form                 Ice/Tmut       ##......     77%         4
 Bolt of Magma            Conj/Fire/Erth #.........   100%        5
 Iskenderun's Battlesphe  Conj           #.......     100%        5
 Iron Shot                Conj/Erth      #.........   100%        6
 Orb of Destruction       Conj           #.........   100%        7
 Spellforged Servitor     Conj/Summ      #.........   100%        7


Dungeon Overview and Level Annotations

Branches:
Dungeon (9/15)             Temple (1/1) D:4
   Lair: D:8-11         Orc: D:9-12

Altars:
Ashenzari
Cheibriados
Dithmenos
Elyvilon
Fedhas
Gozag
Hepliaklqana
Kikubaaqudgha
Makhleb
Nemelex Xobeh
Okawaru
Qazlal
Ru
Sif Muna
Trog
Uskayaw
Vehumet
Wu Jian
Xom
Yredelemnul
Zin
The Shining One

Shops:
D:4 *   D:5 [


Innate Abilities, Weirdness & Mutations

You have a beak for a mouth.
You have claws for feet.
You can fly continuously.
You have a pair of small horns on your head.
Your system is resistant to poisons. (rPois)


Message History

The centaur hits you!
* * * LOW HITPOINT WARNING * * *
The orc priest closely misses you.
You hit the orc priest.
You kill the orc priest!
The Council accepts your kill. The centaur hits you.
* * * LOW HITPOINT WARNING * * *
You barely miss the centaur. You claw the centaur!
Your headbutt misses the centaur.
The centaur is severely wounded.
The centaur barely misses you. The centaur hits you.
* * * LOW HITPOINT WARNING * * *
You hit the centaur. Your peck misses the centaur.
The centaur is almost dead.
The centaur hits you but does no damage.
You hit the centaur but do no damage.
The centaur is almost dead.
The centaur hits you.
You die...

###......##..##.>.._#......##
..#...#.###..##__F_.#......#
.....##.####..#######.....##
.....##..####.##.....##....#
.###.##...# #.......####...###
.# #.###..###.....### #.....#
'###.####.##.......# #.....#
_'.....##.##.##)[.## ###..##
####...##.....#.@[.## ###..##
## #...##..#...c)[..###..†##
####.#....###.......##.....#
.....##...................##
.............#......#...###
###.##..#....###.........## #
##...##.................###
###..........###............##
..#.####.....................#


You could see a goliath frog shaped shifter and a centaur.

Vanquished Creatures
  A yak (D:8)
  A black bear (D:8)
  3 orc warriors
  An eye of draining (D:8)
  2 ice beasts
  2 ogres (D:6)
  2 centaurs
  Blork the orc (D:6)
  A big kobold (D:8)
  3 bullfrogs
  A wyvern zombie (D:8)
  A wyvern skeleton (D:6)
  3 howler monkeys
  3 orc priests
  2 centaur skeletons
  A hound (D:2)
  9 orc wizards
  5 iguanas
  4 worker ants
  A hound zombie (D:7)
  2 worker ant zombies
  13 adders
  2 white imps
  2 ufetubi
  2 worms
  3 dart slugs
  3 leopard geckos
  24 orcs
  A ball python (D:2)
  2 giant cockroaches
  7 goblins
  3 hobgoblins (D:3)
  4 jackals (D:9)
  4 quokkas
  12 bats
  5 frilled lizards
  11 kobolds
  2 leopard gecko zombies (D:6)
  A quokka zombie (D:5)
  5 rats
155 creatures vanquished.

Notes
Turn   | Place    | Note
-------+----------+-------------------------------------------
     0 | D:1      | kae the Tengu Transmuter began the quest for the Orb.
     0 | D:1      | Reached XP level 1. HP: 12/12 MP: 4/4
   311 | D:1      | Reached XP level 2. HP: 15/16 MP: 6/6
   867 | D:2      | Reached XP level 3. HP: 2/20 MP: 7/7
   872 | D:2      | Learned a level 3 spell: Spider Form
  1458 | D:2      | Reached skill level 1 in Armour
  1657 | D:2      | Reached skill level 4 in Unarmed Combat
  1657 | D:2      | Reached XP level 4. HP: 12/25 MP: 6/8
  2069 | D:3      | Gained mutation: You can fly continuously. [Tengu growth]
  2069 | D:3      | Reached XP level 5. HP: 25/30 MP: 7/9
  2402 | D:3      | Gained mutation: Your system is resistant to poisons.
                  | (rPois) [potion of mutation]
  2402 | D:3      | Gained mutation: You have a pair of small horns on your
                  | head. [potion of mutation]
  2730 | D:3      | Reached XP level 6. HP: 35/35 MP: 10/10
  2983 | D:3      | You are sucked into a shaft and drop 3 floors!
  2987 | D:5      | Entered Level 5 of the Dungeon
  3231 | D:5      | Found Pahuwen's Armour Emporium.
  3339 | D:5      | Noticed an ice beast
  3356 | D:5      | Killed an ice beast
  3356 | D:5      | Reached skill level 5 in Unarmed Combat
  3733 | D:4      | Reached XP level 7. HP: 40/40 MP: 12/12
  4292 | D:4      | Found Jantaok's Assorted Antiques.
  4452 | D:4      | Found a staircase to the Ecumenical Temple.
  4457 | Temple   | Entered the Ecumenical Temple
  4541 | Temple   | Became a worshipper of the Wu Jian Council
  4951 | D:4      | Bought an inky potion for 13 gold pieces
  4951 | D:4      | Bought 3 scrolls labelled NIEJOO OCVIRISM for 45 gold
                  | pieces
  4951 | D:4      | Bought a scroll labelled NIEJOO OCVIRISM for 15 gold pieces
  4951 | D:4      | Bought a bubbling grey potion for 13 gold pieces
  4951 | D:4      | Bought a scroll labelled OCKEDWA RUCIETOE for 15 gold
                  | pieces
  5613 | D:6      | Noticed Blork the orc
  5623 | D:6      | Killed Blork the orc
  5759 | D:6      | HP: 2/40 [orc warrior/+0 scimitar (9)]
  6427 | D:6      | Reached XP level 8. HP: 42/46 MP: 13/13
  6534 | D:6      | Reached skill level 6 in Unarmed Combat
  7484 | D:7      | HP: 2/47 [orc/+0 mace (3)]
  8118 | D:7      | Reached * piety under Wu Jian
  8256 | D:8      | Reached skill level 7 in Unarmed Combat
  8256 | D:8      | Reached XP level 9. HP: 48/52 MP: 15/15
  8326 | D:8      | Reached skill level 5 in Transmutations
  8617 | D:8      | Found a white marble altar of Elyvilon.
  8631 | D:8      | Found a shimmering altar of Xom.
  8631 | D:8      | Found a shimmering altar of Xom.
  8631 | D:8      | Found a shimmering altar of Xom.
  8642 | D:8      | Found a shimmering altar of Xom.
  8642 | D:8      | Found a shimmering altar of Xom.
  8642 | D:8      | Found a shimmering altar of Xom.
  8642 | D:8      | Found a shimmering altar of Xom.
  8642 | D:8      | Found a shimmering altar of Xom.
  8642 | D:8      | Found a shimmering altar of Xom.
  8642 | D:8      | Found a shimmering altar of Xom.
  8805 | D:8      | Noticed a meliai
  9237 | D:8      | Found a shimmering blue altar of Sif Muna.
  9250 | D:8      | Reached skill level 5 in Dodging
  9573 | D:8      | Noticed a rime drake
  9582 | D:8      | Noticed a cane toad
  9619 | D:8      | a cane toad changed into a golden eye
  9635 | D:8      | a rime drake changed into an acid dragon
  9658 | D:8      | Noticed a hornet
  9658 | D:8      | an acid dragon changed into a hornet
  9677 | D:8      | a hornet changed into a shapeshifter
  9685 | D:8      | Noticed a cane toad
  9685 | D:8      | a spriggan changed into a cane toad
  9693 | D:8      | a cane toad changed into a human
  9700 | D:8      | Noticed a rime drake
  9700 | D:8      | a human changed into a rime drake
  9842 | D:8      | Noticed a spark wasp
  9955 | D:8      | Noticed a guardian serpent
  9956 | D:8      | Noticed a spark wasp
  9962 | D:8      | Noticed a bunyip
  9962 | D:8      | a spark wasp changed into a bunyip
 10010 | D:8      | Noticed a great orb of eyes
 10071 | D:8      | Noticed an ettin
 10072 | D:8      | Noticed a goliath frog
 10072 | D:8      | an ettin changed into a goliath frog
 10077 | D:8      | Slain by a centaur

Illustrated notes

Levels and vault maps discovered:
D:1:      minmay_arrival_radiant_lines, layout_loops_ring
D:2:      layout_rooms
D:3:      layout_basic
D:4:      layout_basic, minmay_temple_entry_from_below_a, serial_shops,
          nicolae_shop_overgrown_old_shop
D:5:      layout_gridville, serial_shops, shop_statue
D:6:      layout_rooms, uniq_blork_the_orc
D:7:      layout_loops_cross
D:8:      kennysheep_orc_sif_temple, layout_cave_pools, lemuel_doored_altar,
          xom_shifter_show
D:9:      layout_roguey, david_orc_3, uniq_erolcha
Temple:   dpeg_three_leaves_temple

Skill      XL: |  1  2  3  4  5  6  7  8  9 |
---------------+----------------------------+-----
Transmutations | 2 3 4 5 |  5.5
Armour         | 1 2 3 4 |  4.6
Unarmed Combat | 4 5 7 |  7.9
Fighting       | 2 3 4 |  4.3
Dodging        | 3 4 5 |  5.3
Spellcasting   | 3 4 |  4.4

Action                   |  1- 3 |  4- 6 |  7- 9 || total
-------------------------+-------+-------+-------++-------
Melee: Unarmed           |    81 |   141 |   365 ||   587
       Peck              |    12 |    18 |    78 ||   108
       Kick              |    10 |    18 |   115 ||   143
       Headbutt          |     2 |    16 |    65 ||    83
       Punch             |     1 |     3 |    15 ||    19
 Cast: Beastly Appendage |    11 |     4 |       ||    15
Invok: Lunge             |       |       |    14 ||    14
       Whirlwind         |       |       |     1 ||     1
 Abil: Fly               |       |     1 |       ||     1
Evoke: Wand              |       |       |     4 ||     4
  Use: Potion            |       |     7 |     2 ||     9
       Scroll            |       |       |     1 ||     1
 Stab: Sleeping          |     2 |       |       ||     2
       Distracted        |       |       |     1 ||     1
       Invisible         |       |       |     5 ||     5
Armor: Robe              |    12 |       |       ||    12
       Ring mail         |    12 |    41 |    47 ||   100
       Skin              |       |    25 |       ||    25
Dodge: Dodged            |    52 |   100 |   238 ||   390

Table legend: (Time is in decaauts)
 A = Elapsed time spent in this place.
 B = Non-inter-level travel time spent in this place.
 C = Inter-level travel time spent in this place.
 D = Time resting spent in this place.
 E = Time spent auto-exploring this place.
 F = Levels seen in this place.
 G = Mean time per level.
                   A        B        C        D        E       F      G
               +--------+--------+--------+--------+--------+-----+--------+
         Total |   9674 |   9178 |    496 |   1327 |   6684 |  10 |  967.4 |
       Dungeon |   9591 |   9101 |    490 |   1327 |   6626 |   9 | 1065.7 |
        Temple |     82 |     76 |      6 |      0 |     58 |   1 |   82.0 |
               +--------+--------+--------+--------+--------+-----+--------+

Top non-repeatable levels by time:
     D:5: 1824 daAuts
     D:8: 1797 daAuts
     D:2: 1261 daAuts
     D:3: 1190 daAuts
     D:7: 1057 daAuts
     D:4: 865 daAuts
     D:6: 824 daAuts
     D:1: 733 daAuts
  Temple: 82 daAuts
     D:9: 36 daAuts
